 Dungeon Crawl Stone Soup version 0.28-b1-25-g9875b3fc8c (webtiles) character file.

Game seed: 8354423779388604075

32 tv1990 the Chopper (level 3, -2/30 HPs)
             Began as a Formicid Monk on Feb 4, 2022.
             Slain by an adder (3 damage)
             ... on level 2 of the Dungeon.
             The game lasted 00:01:56 (1751 turns).

tv1990 the Chopper (Formicid Monk)                  Turns: 1751, Time: 00:01:56

Health: -2/30      AC:  3    Str: 17    XL:     3   Next: 45%
Magic:  3/3        EV: 12    Int:  9    God:
Gold:   9          SH:  0    Dex: 13    Spells: 2/2 levels left

rFire   . . .      SeeInvis +   a - +0 hand axe
rCold   . . .      Faith    .   (no shield)
rNeg    . . .      Spirit   .   b - +0 robe
rPois   .          Reflect  .   (helmet unavailable)
rElec   .          Harm     .   (no cloak)
rCorr   .          Rampage  .   f - +0 pair of gloves
Will    .....                   (no boots)
Stlth   ++........              (no amulet)
HPRegen 0.10/turn               (no ring)
MPRegen 0.08/turn               (no ring)

@: lethally poisoned (-2 -> -4)
A: permanent stasis, dig shafts and tunnels, antennae 3, four strong arms
a: Dig, Shaft Self


You were on level 2 of the Dungeon.
You visited 1 branch of the dungeon, and saw 2 of its levels.

You collected 9 gold pieces.

Inventory:

Hand Weapons
 a - a +0 hand axe (weapon)
Armour
 b - a +0 robe (worn)
 f - a +0 pair of gloves (worn)
Scrolls
 d - a scroll of torment {unknown}
 e - a scroll of teleportation {unknown}
Potions
 c - 2 potions of curing


   Skills:
 + Level 3.6 Fighting
 * Level 3.7 Axes
 + Level 1.3 Armour
 - Level 2.6 Dodging
 - Level 2.4 Stealth


You had 2 spell levels left.
You didn't know any spells.
Your spell library was empty.

Dungeon Overview and Level Annotations

Branches:
Dungeon (2/15)

Altars:


Innate Abilities, Weirdness & Mutations

You cannot be hasted, slowed, berserked, paralysed or teleported.
You can dig through walls and to a lower floor.
You have a pair of large antennae on your head. (SInv)
Your four strong arms can wield two-handed weapons with a shield.


Message History

The adder barely misses you.
You see here a bat corpse.
You miss the adder. The adder bites you but does no damage.
The adder closely misses you.
You completely miss the adder. The adder barely misses you.
You hit the adder but do no damage. The adder bites you.
You hit the adder.
The adder is heavily wounded.
The adder bites you but does no damage. The adder closely misses you.
You hit the adder.
The adder is severely wounded.
The adder bites you.
You are poisoned.
The adder poisons you!
You hit the adder but do no damage.
The adder is severely wounded.
You feel sick. The adder bites you.
You are more poisoned.
The adder poisons you! The adder completely misses you.
You barely miss the adder.
The adder is severely wounded.
You feel sick. The adder bites you but does no damage.
You miss the adder.
The adder is severely wounded.
You feel sick. The adder barely misses you.
You barely miss the adder.
The adder is severely wounded.
You feel sick. The adder bites you.
* * * LOW HITPOINT WARNING * * *
The adder bites you.
* * * LOW HITPOINT WARNING * * *
You miss the adder.
The adder is severely wounded.
You feel sick. The adder closely misses you.
You barely miss the adder.
The adder is severely wounded.
You feel sick. The adder bites you.
* * * LOW HITPOINT WARNING * * *
The adder bites you.
You die...

###### .#..... #### {
...$...## ##... {{
...?....## #..<
.........#### #..#
........SS@.# #..#
.........##.# #..#####
........###.#####......#
.......## #........###.#
.....#. #........###.##
.....#. #.###........(#
... #. #># #.##.###..#
..# #.##.# #..# #####
#.##.# #..#


You could see 2 adders.

Vanquished Creatures
  An adder (D:2)
  4 goblins (D:1)
  2 hobgoblins (D:2)
  2 jackals (D:1)
  3 kobolds
  3 quokkas (D:1)
  3 bats
  2 frilled lizards (D:1)
  3 rats (D:1)
23 creatures vanquished.

Notes
Turn   | Place    | Note
-------+----------+-------------------------------------------
     0 | D:1      | tv1990 the Formicid Monk began the quest for the Orb.
     0 | D:1      | Reached XP level 1. HP: 18/18 MP: 1/1
   636 | D:1      | Reached XP level 2. HP: 17/24 MP: 2/2
  1178 | D:1      | Reached skill level 1 in Armour
  1480 | D:2      | HP: 1/24 [adder (1)]
  1484 | D:2      | Reached XP level 3. HP: 13/29 MP: 3/3
  1751 | D:2      | HP: 1/30 [adder (4)]
  1751 | D:2      | Slain by an adder

Skill      XL: |  1  2 |
---------------+-------+-----
Armour         | 1 |  1.3
Fighting       | |  3.6
Axes           | |  3.7
Dodging        | |  2.6
Stealth        | |  2.4

Action                   || total
-------------------------++-------
Melee: Hand axe          ||   104
       Punch             ||     4
  Use: Potion            ||     1
 Stab: Sleeping          ||     4
Armor: Robe              ||    24
Dodge: Dodged            ||    77

Levels and vault maps discovered:
D:1:      elethiomel_arrival_maze, layout_basic
D:2:      layout_loops_ring, hellmonk_ecumenical_altar_arch_garden, uniq_robin
